 Dungeon Crawl Stone Soup version 0.31-a0-277-g31ea1f65cc (webtiles) character file.

Game seed: 7283921498810850818

3360 kae the Mimic (level 9, -1/77 HPs)
             Began as a Black Draconian Shapeshifter on July 15, 2023.
             Engulfed by a steam dragon's steam (7 damage)
             ... on level 7 of the Dungeon.
             The game lasted 00:06:38 (8507 turns).

kae the Mimic (Black Draconian Shapeshifter)        Turns: 8507, Time: 00:06:38

Health: -1/77      AC:  7    Str: 19    XL:     9   Next: 73%
Magic:  9/9        EV: 14    Int:  8    God:
Gold:   378        SH:  5    Dex: 15    Spells: 8/8 levels left

rFire   . .          .
                       - Unarmed
rCold   . . .        (no shield)
rNeg    . . .        (body armour unavailable)
rPois   .            (helmet currently unavailable)
rElec   +            (cloak currently unavailable)
rCorr   .            (gloves currently unavailable)
SInv    .            (boots currently unavailable)
Will    .....        h - amulet of reflection
Stlth   +            L - ring of flight
HPRegen 0.32/turn    (no ring)
MPRegen 0.11/turn

%: reflection
@: beast-form, flying, studying 2 skills
A: beast (slay +6), breathe lightning, AC +7, unfitting armour, electricity
resistance, cold-blooded
a: Breathe Lightning, Begin Untransformation


You were on level 7 of the Dungeon.
You were a hulking beast.
You visited 2 branches of the dungeon, and saw 8 of its levels.
You also visited: Ossuary.

You collected 504 gold pieces.
You spent 126 gold pieces at shops.


Innate Abilities, Weirdness & Mutations

You are a hulking beast.
Your limbs bulge with bestial killing power. (Slay +6)
You can breathe wild blasts of lightning.
Your glossy black scales are hard. (AC +7)
You cannot fit into any form of body armour.
You are resistant to electric shocks. (rElec)
You are cold-blooded and may be slowed by cold attacks.


   Skills:
 + Level 6.3 Fighting
 + Level 5.2 Dodging
 * Level 8.5 Unarmed Combat
 * Level 9.9 Shapeshifting


You had 8 spell levels left.
You didn't know any spells.
Your spell library contained the following spells:

 Spells                   Type           Power      Damage    Failure   Level
 Portal Projectile        Hex/Tloc       0%         N/A       78%         3
 Tukima's Dance           Hex            0%         N/A       78%         3
 Iskenderun's Mystic Bla  Conj/Tloc      0%         2d3       99%         4

Inventory:

Missiles
 c - a throwing net {=f!f}
 d - 80 stones
 m - 3 curare-tipped darts {=f}
 p - a boomerang
 G - 4 boomerangs of dispersal {=f!f}
Magical Staves
 n - a staff of death {!a}
   (You found it on level 2 of the Dungeon)
Jewellery
 h - an amulet of reflection (around neck)
   (You found it on level 3 of the Dungeon)
 s - a ring of willpower
   (You found it on level 7 of the Dungeon)
 L - a ring of flight (left hand)
   (You found it on level 5 of the Dungeon)
 P - a ring of poison resistance
   (You took it off an orc on level 7 of the Dungeon)
 T - an amulet of faith {!P}
   (You found it on level 6 of the Dungeon)
Talismans
 b - a beast talisman
Wands
 q - a wand of mindburst (16)
   (You found it on level 5 of the Dungeon)
 r - a wand of flame (29)
   (You found it on level 5 of the Dungeon)
 F - a wand of digging (2)
   (You found it on level 7 of the Dungeon)
Scrolls
 e - 2 scrolls of teleportation {@r4}
 f - a scroll of fog
 j - a scroll of immolation {!r!r}
 o - 2 scrolls of fear
 t - 3 scrolls of identify {@r1}
 u - a scroll of blinking {!r}
 v - a scroll of vulnerability {unknown}
 y - 2 scrolls of enchant weapon
 A - a scroll of revelation
 D - a scroll of torment {unknown}
 E - a scroll of poison {!r}
Potions
 a - 6 potions of lignification {!q}
 g - 4 potions of curing {@q1}
 i - 3 potions of attraction {unknown}
 k - 2 potions of invisibility
 l - 5 potions of heal wounds {@q2}
 w - a potion of mutation {!q}
 x - a potion of haste {unknown}
 z - a potion of cancellation {unknown}
 B - a potion of resistance {unknown}
 C - a potion of magic {unknown}

Dungeon Overview and Level Annotations

Branches:
Dungeon (7/15) Zot: 25005  Temple (1/1) D:6 Zot: 5617 Ossuary (visited)

Altars:
Ashenzari
Cheibriados
Dithmenos
Elyvilon
Fedhas
Gozag
Hepliaklqana
Kikubaaqudgha
Nemelex Xobeh
Okawaru
Qazlal
Sif Muna
Trog
Uskayaw
Vehumet
Wu Jian
Xom
Yredelemnul
Zin
The Shining One

Shops:
D:4 ?

Annotations:
D:7 exclusion: steam dragon

##############
#............#######
#.##########..Dh.ยง.#
#.# #######.# #.# #.#
#.# #.# #.# #.##
#.########## #..#
##..........# ##.#
....#######.######
#.#
.................#
#.#


You could see a steam dragon (catching breath).


Message History

There is a stone staircase leading up here.
You reach down and open the door.
There is an open door here.
You reach down and open the door.
Found a shimmering altar of Xom.
There is an open door here.
As you open the door, it creaks loudly!
Found an opulent altar of Gozag.
There is an open door here.
As you open the door, it creaks loudly!
Found an iron altar of Okawaru.
There is an open door here.
There is an open door here.
Partly explored, can't reach some items and places.
Partly explored, can't reach some items and places.
Partly explored, can't reach some items and places.
Okay, then.
Partly explored, can't reach some items and places.
Partly explored, can't reach some items and places.
Really fly into a travel-excluded area?
You now have 378 gold pieces (gained 18).
Really fly into a travel-excluded area?
The steam dragon breathes steam at you.
The ball of steam hits you! ๐Ÿ˜• HP[-13]
You take 13 damage, and now have 64/77 hp.
You are engulfed in a cloud of scalding steam. ๐Ÿ˜ฎ HP[-9]
You take 9 damage, and now have 55/77 hp.
No reachable target in view!
No reachable target in view!
You are engulfed in a cloud of scalding steam. ๐Ÿ˜ฎ HP[-4]
You take 4 damage, and now have 51/77 hp.
You are too injured to fight recklessly!
You are too injured to fight recklessly!
You punch the steam dragon!
You are engulfed in a cloud of scalding steam.
The steam dragon barely misses you.
You block the steam dragon's attack. ๐Ÿ˜ฎ HP[-6]
You take 6 damage, and now have 45/77 hp.
You are too injured to fight recklessly!
You are too injured to fight recklessly!
You hit the steam dragon.
You are engulfed in a cloud of scalding steam.
You block the steam dragon's attack.
The steam dragon barely misses you. ๐Ÿ˜ฎ HP[-2]
You take 2 damage, and now have 43/77 hp.
You barely miss the steam dragon.
You are engulfed in a cloud of scalding steam.
The steam dragon closely misses you. x2 ๐Ÿ˜ฎ HP[-4]
You take 4 damage, and now have 39/77 hp.
Unknown command.
You closely miss the steam dragon.
You are engulfed in a cloud of scalding steam.
* * * LOW HITPOINT WARNING * * *
The steam dragon misses you.
The steam dragon closely misses you. ๐Ÿ˜จ HP[-5]
You take 5 damage, and now have 34/77 hp.
You hit the steam dragon but do no damage.
The steam dragon breathes steam at you. The ball of steam hits you!
* * * LOW HITPOINT WARNING * * *
๐Ÿ˜จ HP[-8]
You take 8 damage, and now have 26/77 hp.
You hit the steam dragon.
You are engulfed in a cloud of scalding steam.
You block the steam dragon's attack. The steam dragon closely misses you.
Unknown command.
You punch the steam dragon!
You are engulfed in a cloud of scalding steam.
* * * LOW HITPOINT WARNING * * *
๐Ÿ˜ฑ HP[-8]
You take 8 damage, and now have 18/77 hp.
You hit the steam dragon.
You are engulfed in a cloud of scalding steam.
* * * LOW HITPOINT WARNING * * *
The steam dragon barely misses you.
The steam dragon claws you but does no damage. ๐Ÿ˜ฑ HP[-6]
You take 6 damage, and now have 12/77 hp.
Unknown command.
You closely miss the steam dragon. The steam dragon breathes steam at you.
The ball of steam misses you.
You completely miss the steam dragon.
You are engulfed in a cloud of scalding steam.
* * * LOW HITPOINT WARNING * * *
The steam dragon bites you.
* * * LOW HITPOINT WARNING * * *
The steam dragon claws you.
* * * LOW HITPOINT WARNING * * *
๐Ÿ˜ฑ HP[-6]
You take 6 damage, and now have 6/77 hp.
Unknown command.
You closely miss the steam dragon.
You tail-slap the steam dragon, but do no damage.
You are engulfed in a cloud of scalding steam.
You die...

Skill      XL: |  1  2  3  4  5  6  7  8  9 |
---------------+----------------------------+-----
Dodging        | 2 3 4 5 |  5.2
Unarmed Combat | 3 4 5 7 8 |  8.5
Fighting       | 3 4 5 6 |  6.3
Shapeshifting  | 4 5 6 8 9 |  9.9

Action                     |  1- 3 |  4- 6 |  7- 9 || total
---------------------------+-------+-------+-------++-------
  Melee: Unarmed           |   120 |   127 |   284 ||   531
         Tailslap          |    12 |    15 |    50 ||    77
         Punch             |     1 |     3 |     8 ||    12
Ability: Breathe Lightning |       |       |     6 ||     6
    Use: Scroll            |     1 |     8 |     5 ||    14
         Potion            |       |     2 |     1 ||     3
   Stab: Sleeping          |     4 |     1 |     4 ||     9
 Armour: Skin              |    27 |    30 |    46 ||   103
  Dodge: Dodged            |    81 |    55 |   147 ||   283
  Block: Other             |       |    11 |    48 ||    59
         Reflection        |       |       |     1 ||     1
         Form:             |       |       |     1 ||     1
         Beast             |       |       |     1 ||     1

Levels and vault maps discovered:
D:1:      heliophobic_arrival_henge, layout_loops_ring, minivault_23,
          kennysheep_flooded_box
D:2:      layout_basic
D:3:      layout_loops_corners, minmay_misc_feat_plants, dk_noncrumbling_4,
          hangedman_decor_lopped, minivault_19, hangedman_abyss_or_decor_stabs
D:4:      layout_basic, fedhas_altar_fruit_tree, gammafunk_temple_overflow_claw,
          serial_shops, nicolae_lakefront_shop, minmay_bent, uniq_edmund
D:5:      layout_loops_cross, minmay_misc_feat_rugged
D:6:      layout_basic, nicolae_vehumet_altar_sigil, temple_statues
D:7:      layout_loops_ring, grunt_temple_overflow_diamond,
          nicolae_ossuary_entry_monument, minmay_manual_mess, uniq_maggie
Temple:   minmay_temple_forest_path

Notes
Turn   | Place    | Note
-------+----------+-------------------------------------------
     0 | D:1      | kae the Draconian Shapeshifter began the quest for the Orb.
     0 | D:1      | Reached XP level 1. HP: 17/17 MP: 1/1
     0 | D:1      | magus.rc [v1.11.3]
   145 | D:1      | Reached XP level 2. HP: 24/25 MP: 2/2
   320 | D:1      | Reached skill level 2 in Dodging
   508 | D:1      | Reached XP level 3. HP: 26/30 MP: 3/3
  1034 | D:2      | Reached skill level 3 in Unarmed Combat
  1454 | D:2      | Reached XP level 4. HP: 37/37 MP: 4/4
  1731 | D:3      | Identified a scroll of acquirement
  1731 | D:3      | Acquired a manual of Shapeshifting
  1852 | D:3      | Noticed a scorpion
  1863 | D:3      | HP: 9/37 [poisoned by a scorpion]
  1866 | D:3      | Killed a scorpion
  1867 | D:3      | Reached skill level 3 in Fighting
  1867 | D:3      | Reached skill level 4 in Shapeshifting
  1867 | D:3      | Reached XP level 5. HP: 12/45 MP: 5/5
  3098 | D:4      | Noticed Edmund
  3117 | D:4      | HP: 13/67 [Edmund/+4 flail of protection (11)]
  3121 | D:4      | Killed Edmund
  3122 | D:4      | Reached skill level 4 in Unarmed Combat
  3122 | D:4      | Reached XP level 6. HP: 12/51 MP: 6/6
  3353 | D:4      | Reached skill level 5 in Shapeshifting
  3426 | D:4      | HP: 4/51 [ogre/+0 giant club (15)]
  3429 | D:4      | Reached skill level 3 in Dodging
  3618 | D:4      | Found a glowing golden altar of the Shining One.
  3618 | D:4      | Found a shadowy altar of Dithmenos.
  3619 | D:4      | Found a sparkling altar of Nemelex Xobeh.
  3660 | D:4      | Your scales start taking on a glossy black colour.
  3660 | D:4      | Reached XP level 7. HP: 43/58 MP: 7/7
  3660 | D:4      | Gained mutation: You are resistant to electric shocks.
                  | (rElec) [Black Draconian growth]
  3870 | D:4      | Found a blossoming altar of Fedhas.
  3950 | D:4      | Found Soqoma's Magic Scroll Emporium.
  3959 | D:4      | Bought a scroll of fear for 56 gold pieces
  3959 | D:4      | Bought a scroll of identify for 28 gold pieces
  3961 | D:4      | Bought a scroll of teleportation for 42 gold pieces
  4149 | D:5      | Entered Level 5 of the Dungeon
  4166 | D:5      | Reached skill level 4 in Fighting
  4166 | D:5      | Reached skill level 5 in Unarmed Combat
  4255 | D:5      | Reached skill level 6 in Shapeshifting
  4876 | D:5      | Reached XP level 8. HP: 33/67 MP: 8/8
  5031 | D:5      | Reached skill level 6 in Unarmed Combat
  5031 | D:5      | Reached skill level 7 in Shapeshifting
  5056 | D:5      | Reached skill level 4 in Dodging
  5421 | D:6      | Reached skill level 5 in Fighting
  5786 | D:7      | Noticed Maggie
  5796 | D:7      | Reached skill level 8 in Shapeshifting
  5802 | D:7      | Killed Maggie
  5803 | D:7      | Reached skill level 7 in Unarmed Combat
  5803 | D:7      | Reached XP level 9. HP: 33/74 MP: 9/9
  5836 | D:7      | HP: 9/74 [yak (12)]
  5837 | D:7      | HP: 4/74 [yak (5)]
  5900 | D:7      | HP: 17/74 [vampire mosquito (6)]
  5906 | D:7      | Found a sand-covered staircase.
  5910 | D:7      | HP: 10/75 [white imp/puff of frost (10)]
  5912 | Ossuary  | Entered an ossuary
  6323 | Ossuary  | Reached skill level 9 in Shapeshifting
  6574 | D:6      | Reached skill level 6 in Fighting
  6574 | D:6      | Reached skill level 5 in Dodging
  6574 | D:6      | Reached skill level 8 in Unarmed Combat
  6808 | D:6      | Found a staircase to the Ecumenical Temple.
  6829 | D:6      | HP: 10/75 [orc priest/nerve-wracking pain (13)]
  6996 | Temple   | Entered the Ecumenical Temple
  7635 | D:6      | You pick up a book of Weapons and begin reading...
  7635 | D:6      | You add the spells Tukima's Dance, Portal Projectile and
                  | Iskenderun's Mystic Blast to your library.
  7737 | D:6      | Found a radiant altar of Vehumet.
  8405 | D:7      | Found a shimmering altar of Xom.
  8408 | D:7      | Found an opulent altar of Gozag.
  8413 | D:7      | Found an iron altar of Okawaru.
  8503 | D:7      | HP: 18/77 [steam dragon] (8)]
  8506 | D:7      | HP: 7/77 [steam dragon (4)]
  8507 | D:7      | Engulfed by a steam dragon's steam

Vanquished Creatures
  Maggie (D:7)
  A yak (D:7)
  A steam dragon (D:7)
  A wyvern (D:7)
  A vampire mosquito (D:7)
  Edmund (D:4)
  An orc warrior (D:6)
  An ice beast (D:6)
  2 black bears
  4 ogres
  2 phantoms
  A gnoll sergeant (D:5)
  6 scorpions
  A howler monkey (D:5)
  2 centaur zombies (Ossuary)
  2 human zombies (Ossuary)
  A hound (D:6)
  4 jellies
  2 orc priests
  A gnoll bouda (D:5)
  3 orc wizards
  5 iguanas
  3 sleepcaps
  4 mummies (Ossuary)
  17 gnolls
  9 adders
  3 white imps
  2 ufetubi
  2 worms
  6 dart slugs
  14 orcs
  10 bats
  7 endoplasms
  6 giant cockroaches
  6 goblins
  6 hobgoblins
  4 jackals (D:5)
  3 quokkas
  8 ball pythons
  5 frilled lizards
  2 goblin zombies (Ossuary)
  9 kobolds
  2 orc zombies (Ossuary)
  3 rats
175 creatures vanquished.

Table legend:
 A = Non-vault XP
 B = Vault XP
 C = Vault XP percentage of total XP
 D = Non-vault monster count
 E = Vault monster count
 F = Vault count percentage of total count
                 A         B        C        D         E       F
            +---------+---------+-------+---------+---------+-------
      Total |    3409 |    1391 |  29.0 |     151 |      24 |  13.7
            +---------+---------+-------+---------+---------+-------
        D:1 |      48 |       0 |   0.0 |      29 |       0 |   0.0
        D:2 |      68 |       0 |   0.0 |      22 |       0 |   0.0
        D:3 |     125 |       0 |   0.0 |      16 |       0 |   0.0
        D:4 |     278 |     266 |  48.9 |      11 |       7 |  38.9
        D:5 |    1093 |       0 |   0.0 |      37 |       0 |   0.0
        D:6 |    1186 |       0 |   0.0 |      22 |       0 |   0.0
        D:7 |     611 |     866 |  58.6 |      14 |       5 |  26.3
    Ossuary |       0 |     259 | 100.0 |       0 |      12 | 100.0
            +---------+---------+-------+---------+---------+-------

Skill      XL: |  1  2  3  4  5  6  7  8  9 |
---------------+----------------------------+-----
Dodging        | 2 3 4 5 |  5.2
Unarmed Combat | 3 4 5 7 8 |  8.5
Fighting       | 3 4 5 6 |  6.3
Shapeshifting  | 4 5 6 8 9 |  9.9

Action                     |  1- 3 |  4- 6 |  7- 9 || total
---------------------------+-------+-------+-------++-------
  Melee: Unarmed           |   120 |   127 |   284 ||   531
         Tailslap          |    12 |    15 |    50 ||    77
         Punch             |     1 |     3 |     8 ||    12
Ability: Breathe Lightning |       |       |     6 ||     6
    Use: Scroll            |     1 |     8 |     5 ||    14
         Potion            |       |     2 |     1 ||     3
   Stab: Sleeping          |     4 |     1 |     4 ||     9
 Armour: Skin              |    27 |    30 |    46 ||   103
  Dodge: Dodged            |    81 |    55 |   147 ||   283
  Block: Other             |       |    11 |    48 ||    59
         Reflection        |       |       |     1 ||     1
         Form:             |       |       |     1 ||     1
         Beast             |       |       |     1 ||     1

Illustrated notes

Table legend:
 A = Kills in this place as a percentage of kills in the entire game.
 B = Kills by you in this place as a percentage of kills by you in the entire game.
 C = Kills by friends in this place as a percentage of kills by friends in the entire game.
 D = Other kills in this place as a percentage of other kills in the entire game.
 E = Experience gained in this place as a percentage of experience gained in the entire game.
 F = Experience gained in this place divided by the number of levels of this place that you have seen.
                   A       B       C       D       E      F
               +-------+-------+-------+-------+-------+----------------------
         Total | 100.0 | 100.0 |   N/A |   N/A | 100.0 | 533.3
       Dungeon |  93.1 |  93.1 |   N/A |   N/A |  94.6 | 648.7
       Ossuary |   6.9 |   6.9 |   N/A |   N/A |   5.4 | 259.0
               +-------+-------+-------+-------+-------+----------------------

Table legend: (Time is in decaauts)
 A = Elapsed time spent in this place.
 B = Non-inter-level travel time spent in this place.
 C = Inter-level travel time spent in this place.
 D = Time resting spent in this place.
 E = Time spent auto-exploring this place.
 F = Levels seen in this place.
 G = Mean time per level.
                   A        B        C        D        E       F      G
               +--------+--------+--------+--------+--------+-----+--------+
         Total |   8470 |   8231 |    239 |    761 |   6092 |   9 |  941.1 |
       Dungeon |   7627 |   7427 |    200 |    541 |   5600 |   7 | 1089.6 |
        Temple |    382 |    343 |     39 |      0 |    331 |   1 |  382.0 |
       Ossuary |    460 |    460 |      0 |    220 |    161 |   1 |  460.0 |
               +--------+--------+--------+--------+--------+-----+--------+

Top non-repeatable levels by time:
     D:4: 1549 daAuts
     D:6: 1338 daAuts
     D:3: 1187 daAuts
     D:7: 915 daAuts
     D:5: 914 daAuts
     D:2: 895 daAuts
     D:1: 826 daAuts
 Ossuary: 460 daAuts
  Temple: 382 daAuts
